 Dungeon Crawl Stone Soup version 0.26-a0-708-g17f3b190f9 (webtiles) character file.

Game seed: 6543706153852557587

103 lunkers the Poker (level 4, -7/35 HPs)
             Began as a Merfolk Gladiator on Oct 29, 2020.
             Mangled by an orc
             ... wielding a cursed -3 whip
              (8 damage)
             ... on level 3 of the Dungeon.
             The game lasted 00:03:12 (2014 turns).

lunkers the Poker (Merfolk Gladiator)               Turns: 2014, Time: 00:03:12

Health: -7/35      AC:  4    Str: 14    XL:     4   Next: 79%
Magic:  4/4        EV: 14    Int:  7    God:
Gold:   123        SH:  0    Dex: 16    Spells: 3/3 levels left

rFire    . . .     SeeInvis .   a - +0 trident
rCold    . . .     Faith    .   (no shield)
rNeg     . . .     Spirit   .   b - +0 leather armour
rPois    .         Reflect  .   c - +0 helmet
rElec    .         Harm     .   (no cloak)
rCorr    .         Rampage  .   (no gloves)
MR       .....                  (no boots)
Stlth    +.........             (no amulet)
HPRegen  0.11/turn              (no ring)
MPRegen  0.09/turn              (no ring)

@: no status effects
A: change form in water, swift swim, stealthy swim
a: no special abilities


You were on level 3 of the Dungeon.
You visited 1 branch of the dungeon, and saw 3 of its levels.

You collected 123 gold pieces.

Inventory:

Hand Weapons
 a - a +0 trident (weapon)
Missiles
 e - 2 throwing nets {=f}
Armour
 b - a +0 leather armour (worn)
 c - a +0 helmet (worn)
 k - a +0 kite shield
Scrolls
 l - a scroll of noise {unknown}
 m - 2 scrolls of identify {unknown}
 o - a scroll of amnesia {unknown}
Potions
 d - a potion of might {unknown}
 f - a potion of brilliance {unknown}
 g - a potion of magic {unknown}
 i - a potion of curing {unknown}
 n - a potion of haste {unknown}


   Skills:
 + Level 3.4 Fighting
 * Level 6.9 Polearms
 - Level 2.0 Throwing
 - Level 4.0 Dodging


You had 3 spell levels left.
You didn't know any spells.
Your spell library was empty.

Dungeon Overview and Level Annotations

Branches:
Dungeon (3/15)

Altars:


Message History

Attack whom?
Press: ? - help, Dir - move target cursor, f/p - orc
Aim: an orc, wielding a -3 whip and wearing a +0 scale mail You barely miss the orc.
The orc barely misses you. The orc hits you but does no damage.
Attack whom?
Press: ? - help, Dir - move target cursor, f/p - orc
Aim: an orc, wielding a -3 whip and wearing a +0 scale mail You barely miss the orc.
The orc hits you with a +0 club.
* * * LOW HITPOINT WARNING * * *
The orc closely misses you.
You barely miss the orc.
The orc is almost dead.
The orc hits you with a +0 club.
* * * LOW HITPOINT WARNING * * *
The orc misses you.
You hit the orc.
The orc is moderately wounded.
The orc closely misses you. The orc hits you with a cursed -3 whip!
You die...

###+## #.# #..... #.####
##..... #.... .'...(. ....
##....o #.. ....... #.#
.......####.######
....>.).o@.......#########
.......)o.#..†............
######....######..########
#....#######'###
#....#...>.....#####
#....#.............#
#....#.............#
#....########......##
######.......


You could see 2 orcs.

Vanquished Creatures
  Terence (D:3)
  An adder (D:2)
  2 worms (D:2)
  2 dart slugs (D:1)
  A leopard gecko (D:1)
  5 orcs (D:3)
  A ball python (D:3)
  5 giant cockroaches
  7 goblins
  6 hobgoblins
  4 jackals (D:3)
  6 kobolds
  4 bats
  3 frilled lizards
  3 rats (D:1)
51 creatures vanquished.

Notes
Turn   | Place    | Note
-------+----------+-------------------------------------------
     0 | D:1      | lunkers the Merfolk Gladiator began the quest for the Orb.
     0 | D:1      | Reached XP level 1. HP: 16/16 MP: 1/1
   206 | D:1      | Reached XP level 2. HP: 23/23 MP: 2/2
   212 | D:1      | Reached skill level 5 in Polearms
   502 | D:1      | Reached XP level 3. HP: 28/28 MP: 3/3
  1205 | D:2      | Reached skill level 6 in Polearms
  1664 | D:3      | Reached XP level 4. HP: 34/35 MP: 4/4
  1780 | D:3      | Noticed Terence
  1798 | D:3      | Killed Terence
  2013 | D:3      | HP: 1/35 [orc/+0 club (2)]
  2014 | D:3      | Mangled by an orc

Illustrated notes

Levels and vault maps discovered:
D:1:      shiori_arrival_maze, layout_basic
D:2:      layout_loops_corners
D:3:      layout_basic, minmay_stone_trees_small, uniq_terence

Skill      XL: |  1  2  3 |
---------------+----------+-----
Polearms       | 5 6 |  6.9
Fighting       | 3 |  3.4
Throwing       | |  2.0
Dodging        | |  4.0

Action                   |  1- 3 |  4- 6 || total
-------------------------+-------+-------++-------
Melee: Trident           |   114 |    82 ||   196
Throw: Throwing net      |     3 |       ||     3
  Use: Scroll            |       |     2 ||     2
 Stab: Sleeping          |     1 |       ||     1
Armor: Leather armour    |    26 |    12 ||    38
Dodge: Dodged            |    51 |    43 ||    94
Block: Kite shield       |    19 |     3 ||    22

Table legend: (Time is in decaauts)
 A = Elapsed time spent in this place.
 B = Non-inter-level travel time spent in this place.
 C = Inter-level travel time spent in this place.
 D = Time resting spent in this place.
 E = Time spent auto-exploring this place.
 F = Levels seen in this place.
 G = Mean time per level.
                   A        B        C        D        E       F      G
               +--------+--------+--------+--------+--------+-----+--------+
         Total |   2019 |   1947 |     72 |      0 |   1575 |   3 |  673.0 |
       Dungeon |   2019 |   1947 |     72 |      0 |   1575 |   3 |  673.0 |
               +--------+--------+--------+--------+--------+-----+--------+

Top non-repeatable levels by time:
     D:2: 893 daAuts
     D:1: 741 daAuts
     D:3: 383 daAuts
